Monsters vs Bruins

Created - Tuesday, November 10, 2015 at 01:12

Goals
1 2 3 T
Monsters 0 0 0 0
Bruins 0 1 2 3
Shots
1 2 3 T
Monsters 5 5 9 19
Bruins 6 16 12 34

1st period

No Goal

Penalties :
Dennis Rasmussen (Pro) for Fighting (Major) at 1:50, Scott Timmins (LEM) for Fighting (Major) at 1:50, Andrew Agozzino (Pro) for Hooking (Minor) at 2:27

2nd period

1. Bruins , Kael Mouillierat 2 (Buddy Robinson, Kevin Porter) at 2:35 (PP)

Penalties :
Dennis Rasmussen (Pro) for Fighting (Major) at 1:31, Troy Rutkowski (LEM) for Fighting (Major) at 1:31, Troy Rutkowski (LEM) for instigated a fight (Minor) at 1:31, Troy Rutkowski (LEM) for instigated a fight (10 Minutes Misconduct) at 1:31, FARM PLAYER17 (LEM) for Hooking (Minor) at 2:20, Kris Fredheim (LEM) for Roughing (Minor) at 6:09

3rd period

2. Bruins , Kael Mouillierat 3 (Kevin Porter) at 16:18 (PP)
3. Bruins , Cole Schneider 2 (Johan Alm, Kael Mouillierat) at 17:17

Penalties :
Raman Hrabarenka (Pro) for Fighting (Major) at 0:25, Austin Watson (LEM) for Fighting (Major) at 0:25, Troy Rutkowski (LEM) for Holding (Minor) at 9:06, Blair Riley (LEM) for Hooking (Minor) at 16:12, FARM PLAYER13 (LEM) for Holding (Minor) at 18:25

Goalie Stats

Anders Lindback (LEM), 31 saves from 34 shots - (0.912), L, 5-4-6, 60:00 minutes
Philipp Grubauer (Pro), 19 saves from 19 shots - (1.000), W, 10-2-4, 60:00 minutes

Players Stats for Monsters

Player Name              G  A  P  +/- PIM S  H  SB GA TA FO     MP     PP MP  PK MP  
------------------------------------------------------------------------------------
Austin Watson            0  0  0   0  5   3  3  1  3  0  13/21  21:19   1:07   6:12 
Barclay Goodrow          0  0  0   0  0   3  1  1  5  1  0/0    20:37   1:07   6:10 
Blair Riley              0  0  0   0  2   0  0  1  0  1  0/0     8:20   0:00   0:24 
Charles Hudon            0  0  0   0  0   0  3  0  0  1  1/1     7:33   0:00   0:00 
Chase Balisy             0  0  0   0  0   3  1  0  1  0  2/4     7:35   0:00   0:00 
FARM PLAYER13            0  0  0  -1  2   0  0  1  0  0  0/0    18:09   0:00   1:39 
FARM PLAYER17            0  0  0  -1  2   0  0  0  0  0  0/0    18:54   0:00   2:37 
Jeff Hoggan              0  0  0   0  0   1  1  0  0  1  0/0    14:46   0:52   0:00 
Jordan Weal              0  0  0   0  0   0  0  0  3  1  3/11   17:25   0:52   1:23 
Kris Fredheim            0  0  0   0  2   2  2  0  0  1  0/0    24:37   0:46   3:21 
Mac Bennett              0  0  0   0  0   0  1  0  0  5  0/0    25:02   0:46   4:44 
Matt MacKenzie           0  0  0   0  0   0  0  4  0  0  0/0    21:27   1:13   3:42 
Mitch Callahan           0  0  0   0  0   0  2  0  1  1  2/2    17:06   1:07   1:23 
Quinton Howden           0  0  0  -1  0   0  0  1  0  1  0/0    14:21   0:00   0:51 
Scott Timmins            0  0  0  -1  5   3  0  2  0  2  4/7    11:58   0:00   0:00 
Steven Pinizzotto        0  0  0   0  0   0  4  0  3  0  0/0    14:46   0:52   0:00 
Troy Rutkowski           0  0  0   0  19  1  1  0  0  0  0/0    14:38   1:13   1:02 
Viktor Arvidsson         0  0  0  -1  0   3  0  0  2  0  0/0    12:38   0:00   0:00 

Players Stats for Bruins

Player Name              G  A  P  +/- PIM S  H  SB GA TA FO     MP     PP MP  PK MP  
------------------------------------------------------------------------------------
Andrew Agozzino          0  0  0   0  2   2  0  0  5  1  6/11   15:58   0:00   0:00 
Andrew Cherniwchan       0  0  0   0  0   0  0  0  0  0  1/1     3:28   0:00   0:00 
Beau Schmitz             0  0  0   0  0   0  0  0  0  1  0/0     5:45   0:00   0:00 
Borna Rendulic           0  0  0   0  0   1  0  0  0  0  0/0     7:37   0:00   0:00 
Buddy Robinson           0  1  1   1  0   1  4  0  0  0  4/7    19:19   3:49   0:00 
Cole Schneider           1  0  1   1  0   4  1  0  8  2  0/1    21:24   4:37   0:47 
Conor Allen              0  0  0   0  0   4  0  0  1  1  0/0    22:02   4:30   1:32 
Dennis Everberg          0  0  0   0  0   4  0  2  3  1  1/5    21:44   4:10   1:33 
Dennis Rasmussen         0  0  0   0  10  0  0  0  1  0  0/0    13:38   0:00   0:00 
Johan Alm                0  1  1   1  0   2  1  0  1  0  0/0    12:44   0:00   0:27 
Jordan Oesterle          0  0  0   0  0   0  1  0  0  1  0/0    21:02   3:56   0:27 
Kael Mouillierat         2  1  3   1  0   5  1  0  3  0  1/2    18:28   4:16   0:00 
Kevin Czuczman           0  0  0   1  0   1  2  3  0  1  0/0    14:46   0:00   0:00 
Kevin Porter             0  2  2   0  0   1  1  1  2  2  3/4    19:14   4:16   0:12 
Magnus Nygren            0  0  0   0  0   3  2  0  1  1  0/0    19:29   3:56   0:00 
Marc Hagel               0  0  0   0  0   1  0  0  3  0  0/1    15:23   0:00   0:00 
Marko Dano               0  0  0   0  0   4  1  0  4  0  5/14   21:45   4:10   1:26 
Raman Hrabarenka         0  0  0   0  5   1  1  1  0  2  0/0    24:11   4:30   1:32 

3 Stars

1 - Kael Mouillierat (Pro)
2 - Philipp Grubauer (Pro)
3 - Cole Schneider (Pro)

Power Play

Monsters - 0 on 1 Attempt(s) - 0.00%
Bruins - 2 on 6 Attempt(s) - 33.33%

Penalty Kill

Monsters - 4 on 6 Attempt(s) - 66.67% - Score 0 goal in Penalty Kill
Bruins - 1 on 1 Attempt(s) - 100.00% - Score 0 goal in Penalty Kill

Team Stat

Monsters - Hits : 19 - Faceoff Wins : 25 - Blocked Shots : 11 - Penalty Minutes : 37
Bruins - Hits : 15 - Faceoff Wins : 21 - Blocked Shots : 7 - Penalty Minutes : 17

Official

Referees : Unknown
Linesman : Unknown

Game Notes

Dennis Rasmussen and Scott Timmins fight to a draw at 1:50 of 1st period
Dennis Rasmussen and Troy Rutkowski fight to a draw at 1:31 of 2nd period
Raman Hrabarenka and Austin Watson fight to a draw at 0:25 of 3rd period

Finance

Level 1 -- Attendance: 1573 (78.65%) -- Ticket Income $55,055
Level 2 -- Attendance: 684 (68.40%) -- Ticket Income $10,260
Total Attendance: 2257 (75.23%)
Total Ticket Income: $65,315
Other Income: $32,004
Total Income: $97,319

Monsters

5 vs 5 Forward 
   Center                   Left Wing                Right Wing               Time % Phy DF OF 
 1 Austin Watson            Barclay Goodrow          Mitch Callahan           35     1   2  2  
 2 Jordan Weal              Jeff Hoggan              Steven Pinizzotto        30     1   2  2  
 3 Scott Timmins            Quinton Howden           Viktor Arvidsson         22     1   2  2  
 4 Chase Balisy             Blair Riley              Austin Watson            13     1   2  2  

5 vs 5 Defense 
   Defense                  Defense                                           Time % Phy DF OF 
 1 Kris Fredheim            Mac Bennett                                       35     1   2  2  
 2 Matt MacKenzie           Troy Rutkowski                                    30     1   2  2  
 3 FARM PLAYER13            FARM PLAYER17                                     22     1   2  2  
 4 Kris Fredheim            Mac Bennett                                       13     1   2  2  

PowerPlay Forward 
   Center                   Left Wing                Right Wing               Time % Phy DF OF 
 1 Austin Watson            Barclay Goodrow          Mitch Callahan           60     1   2  2  
 2 Jordan Weal              Jeff Hoggan              Steven Pinizzotto        40     1   2  2  

PowerPlay Defense
   Defense                  Defense                                           Time % Phy DF OF 
 1 Kris Fredheim            Mac Bennett                                       60     1   2  2  
 2 Matt MacKenzie           Troy Rutkowski                                    40     1   2  2  

Penalty Kill 4 Players Forward 
   Center                   Wing                     Time % Phy DF OF 
 1 Austin Watson            Barclay Goodrow          60     1   2  2  
 2 Mitch Callahan           Jordan Weal              40     1   2  2  

Penalty Kill 4 Players Defense
   Defense                  Defense                  Time % Phy DF OF 
 1 Kris Fredheim            Mac Bennett              60     1   2  2  
 2 Matt MacKenzie           Troy Rutkowski           40     1   2  2  

Penalty Kill - 3 Players Forward 
   Forward                                           Time % Phy DF OF 
 1 Austin Watson                                     60     1   2  2  
 2 Barclay Goodrow                                   40     1   2  2  

Penalty Kill - 3 Players Defense
   Defense                  Defense                  Time % Phy DF OF 
 1 Kris Fredheim            Mac Bennett              60     1   2  2  
 2 Matt MacKenzie           Troy Rutkowski           40     1   2  2  

4 vs 4 Forward 
   Center                   Wing                     Time % Phy DF OF 
 1 Austin Watson            Barclay Goodrow          60     1   2  2  
 2 Mitch Callahan           Jordan Weal              40     1   2  2  

4 vs 4 Defense
   Defense                  Defense                  Time % Phy DF OF 
 1 Kris Fredheim            Mac Bennett              60     1   2  2  
 2 Matt MacKenzie           Troy Rutkowski           40     1   2  2  

Last Minutes Offensive
   Center                   Left Wing                Right Wing               Defense                  Defense                  
   Austin Watson            Barclay Goodrow          Mitch Callahan           Kris Fredheim            Mac Bennett              

Last Minutes Defensive
   Center                   Left Wing                Right Wing               Defense                  Defense                  
   Austin Watson            Barclay Goodrow          Mitch Callahan           Kris Fredheim            Mac Bennett              

Goaltenders
Starting : Anders Lindback          
Backup : Matt Climie              

Extra Forwards
Normal : Charles Hudon, Scott Timmins, Quinton Howden - PP : Charles Hudon, Scott Timmins - PK : Quinton Howden
Extra Defensemen
Normal : FARM PLAYER13, FARM PLAYER17, Matt MacKenzie - PP : FARM PLAYER13 - PK : FARM PLAYER17, Matt MacKenzie
Penalty Shots
Austin Watson, Barclay Goodrow, Mitch Callahan, Jordan Weal, Steven Pinizzotto

Bruins

5 vs 5 Forward 
   Center                   Left Wing                Right Wing               Time % Phy DF OF 
 1 Marko Dano               Dennis Everberg          Kevin Porter             35     1   2  2  
 2 Buddy Robinson           Cole Schneider           Kael Mouillierat         30     1   2  2  
 3 Andrew Agozzino          Marc Hagel               Dennis Rasmussen         22     1   2  2  
 4 Dennis Everberg          Borna Rendulic           Marko Dano               13     1   2  2  

5 vs 5 Defense 
   Defense                  Defense                                           Time % Phy DF OF 
 1 Raman Hrabarenka         Conor Allen                                       35     1   2  2  
 2 Magnus Nygren            Jordan Oesterle                                   30     1   2  2  
 3 Johan Alm                Kevin Czuczman                                    22     1   2  2  
 4 Beau Schmitz             Raman Hrabarenka                                  13     1   2  2  

PowerPlay Forward 
   Center                   Left Wing                Right Wing               Time % Phy DF OF 
 1 Marko Dano               Dennis Everberg          Cole Schneider           60     1   2  2  
 2 Kevin Porter             Buddy Robinson           Kael Mouillierat         40     1   2  2  

PowerPlay Defense
   Defense                  Defense                                           Time % Phy DF OF 
 1 Raman Hrabarenka         Conor Allen                                       60     1   2  2  
 2 Jordan Oesterle          Magnus Nygren                                     40     1   2  2  

Penalty Kill 4 Players Forward 
   Center                   Wing                     Time % Phy DF OF 
 1 Marko Dano               Dennis Everberg          60     1   2  2  
 2 Cole Schneider           Andrew Agozzino          40     1   2  2  

Penalty Kill 4 Players Defense
   Defense                  Defense                  Time % Phy DF OF 
 1 Raman Hrabarenka         Conor Allen              60     1   2  2  
 2 Johan Alm                Jordan Oesterle          40     1   2  2  

Penalty Kill - 3 Players Forward 
   Forward                                           Time % Phy DF OF 
 1 Marko Dano                                        60     1   2  2  
 2 Dennis Rasmussen                                  40     1   2  2  

Penalty Kill - 3 Players Defense
   Defense                  Defense                  Time % Phy DF OF 
 1 Raman Hrabarenka         Magnus Nygren            60     1   2  2  
 2 Beau Schmitz             Conor Allen              40     1   2  2  

4 vs 4 Forward 
   Center                   Wing                     Time % Phy DF OF 
 1 Marko Dano               Cole Schneider           60     1   2  2  
 2 Dennis Everberg          Marc Hagel               40     1   2  2  

4 vs 4 Defense
   Defense                  Defense                  Time % Phy DF OF 
 1 Conor Allen              Raman Hrabarenka         60     1   2  2  
 2 Kevin Czuczman           Johan Alm                40     1   2  2  

Last Minutes Offensive
   Center                   Left Wing                Right Wing               Defense                  Defense                  
   Marko Dano               Dennis Everberg          Cole Schneider           Raman Hrabarenka         Conor Allen              

Last Minutes Defensive
   Center                   Left Wing                Right Wing               Defense                  Defense                  
   Marko Dano               Dennis Everberg          Cole Schneider           Raman Hrabarenka         Conor Allen              

Goaltenders
Starting : Philipp Grubauer         
Backup : Connor Hellebuyck        

Extra Forwards
Normal : Cole Schneider, Marko Dano, Dennis Everberg - PP : Cole Schneider, Kevin Porter - PK : Marko Dano
Extra Defensemen
Normal : Kevin Czuczman, Beau Schmitz, Raman Hrabarenka - PP : Conor Allen - PK : Magnus Nygren, Raman Hrabarenka
Penalty Shots
Buddy Robinson, Marko Dano, Dennis Everberg, Cole Schneider, Kevin Porter

% Time on Ice - Monsters

Lines # - Real PCT - Wanted PCT - Time Play
Normal Forward
1 - 29% - 35% - 14:12
2 - 31% - 30% - 15:10
3 - 25% - 22% - 12:38
4 - 15% - 13% - 7:35
Normal Defense
1 - 31% - 35% - 15:27
2 - 42% - 30% - 20:35
3 - 23% - 22% - 11:10
4 - 5% - 13% - 2:23
PP Forward
1 - 56% - 60% - 1:07
2 - 44% - 40% - 0:52
PP Defense
1 - 39% - 60% - 0:46
2 - 61% - 40% - 1:13
PK Forward
1 - 83% - 60% - 6:48
2 - 17% - 40% - 1:23
PK Defense
1 - 55% - 60% - 4:29
2 - 45% - 40% - 3:42
PK3 Forward
1 - 100% - 60% - 0:15
2 - 0% - 40% - 0:00
PK3 Defense
1 - 100% - 60% - 0:15
2 - 0% - 40% - 0:00
44 Forward
1 - 0% - 60%
2 - 0% - 40%
44 Defense
1 - 0% - 60%
2 - 0% - 40%
Last Minute Offensive  - 0:00
Last Minute Defensive  - 0:00
Total
Forward - 60:00
Defense - 60:00

% Time on Ice - Bruins

Lines # - Real PCT - Wanted PCT - Time Play
Normal Forward
1 - 24% - 35% - 11:52
2 - 29% - 30% - 14:12
3 - 32% - 22% - 15:54
4 - 15% - 13% - 7:37
Normal Defense
1 - 32% - 35% - 16:00
2 - 33% - 30% - 16:09
3 - 24% - 22% - 11:41
4 - 12% - 13% - 5:45
PP Forward
1 - 49% - 60% - 4:10
2 - 51% - 40% - 4:16
PP Defense
1 - 53% - 60% - 4:30
2 - 47% - 40% - 3:56
PK Forward
1 - 61% - 60% - 1:12
2 - 39% - 40% - 0:47
PK Defense
1 - 77% - 60% - 1:32
2 - 23% - 40% - 0:27
PK3 Forward
1 - 0% - 60%
2 - 0% - 40%
PK3 Defense
1 - 0% - 60%
2 - 0% - 40%
44 Forward
1 - 0% - 60%
2 - 0% - 40%
44 Defense
1 - 0% - 60%
2 - 0% - 40%
Last Minute Offensive  - 0:00
Last Minute Defensive  - 0:00
Total
Forward - 60:00
Defense - 60:00

Play by Play

1st period


0:01 of 1st period - Marko Dano wins face-off versus Austin Watson in neutral zone.
0:15 of 1st period - Slapshot by Conor Allen.
0:15 of 1st period - Deflect By Dennis Everberg.
0:15 of 1st period - Shot Misses the Net.
0:15 of 1st period - Puck is out of play.
0:16 of 1st period - Austin Watson wins face-off versus Marko Dano in Monsters zone.
1:07 of 1st period - Snap shot by Jordan Weal.
1:07 of 1st period - Deflect By Steven Pinizzotto.
1:07 of 1st period - Shot Misses the Net.
1:07 of 1st period - Puck is out of play.
1:08 of 1st period - Buddy Robinson wins face-off versus Jordan Weal in Bruins zone.
1:35 of 1st period - Wrist shot by Cole Schneider.
1:35 of 1st period - Stopped by Anders Lindback without a rebound.
1:36 of 1st period - Andrew Agozzino wins face-off versus Scott Timmins in Monsters zone.
1:41 of 1st period - Snap shot by Andrew Agozzino.
1:41 of 1st period - Shot Blocked by Scott Timmins.
1:50 of 1st period - Dennis Rasmussen and Scott Timmins fight to a draw.
1:50 of 1st period - Penalty to Dennis Rasmussen for Fighting.
1:50 of 1st period - Penalty to Scott Timmins for Fighting.
1:51 of 1st period - Andrew Agozzino wins face-off versus Chase Balisy in Bruins zone.
2:00 of 1st period - Wrist shot by Marc Hagel.
2:00 of 1st period - Shot Misses the Net.
2:12 of 1st period - Wrist shot by Andrew Agozzino.
2:12 of 1st period - Shot Misses the Net.
2:27 of 1st period - Minor Penalty to Andrew Agozzino for Hooking.
2:28 of 1st period - Marko Dano wins face-off versus Austin Watson in Bruins zone.
3:58 of 1st period - Barclay Goodrow is hit by Cole Schneider and loses puck.
4:27 of 1st period - Penalty to Andrew Agozzino is over, Andrew Agozzino is back on ice.
4:49 of 1st period - Jordan Oesterle is hit by Charles Hudon.
5:48 of 1st period - Kevin Czuczman is hit by Charles Hudon and loses puck.
6:22 of 1st period - Slapshot by Jordan Weal.
6:22 of 1st period - Shot Misses the Net.
6:24 of 1st period - Wrist shot by Kris Fredheim.
6:24 of 1st period - Stopped by Philipp Grubauer without a rebound.
6:25 of 1st period - Andrew Agozzino wins face-off versus Jordan Weal in Bruins zone.
6:25 of 1st period - Andrew Agozzino is hit by Steven Pinizzotto.
6:49 of 1st period - Snap shot by Austin Watson.
6:49 of 1st period - Stopped by Philipp Grubauer with a rebound.
7:54 of 1st period - Jordan Weal is hit by Magnus Nygren and loses puck.
7:59 of 1st period - Snap shot by Dennis Everberg.
7:59 of 1st period - Stopped by Anders Lindback with a rebound.
8:01 of 1st period - Wrist shot by Dennis Everberg.
8:01 of 1st period - Stopped by Anders Lindback with a rebound.
8:07 of 1st period - Wrist shot by Dennis Everberg.
8:07 of 1st period - Shot Misses the Net.
8:28 of 1st period - Backhand shot by Cole Schneider.
8:28 of 1st period - Deflect By Kael Mouillierat.
8:28 of 1st period - Stopped by Anders Lindback with a rebound.
8:51 of 1st period - Slapshot by Andrew Agozzino.
8:51 of 1st period - Stopped by Anders Lindback with a rebound.
8:53 of 1st period - Snap shot by Marc Hagel.
8:53 of 1st period - Stopped by Anders Lindback with a rebound.
9:28 of 1st period - Quinton Howden is hit by Magnus Nygren and loses puck.
10:16 of 1st period - Snap shot by Chase Balisy.
10:16 of 1st period - Shot Misses the Net.
11:23 of 1st period - Wrist shot by Barclay Goodrow.
11:23 of 1st period - Stopped by Philipp Grubauer without a rebound.
11:24 of 1st period - Austin Watson wins face-off versus Dennis Everberg in Bruins zone.
11:39 of 1st period - Beau Schmitz is hit by Kris Fredheim and loses puck.
12:18 of 1st period - Icing by Conor Allen.
12:19 of 1st period - Jordan Weal wins face-off versus Kevin Porter in Bruins zone.
12:47 of 1st period - Mitch Callahan is hit by Marko Dano and loses puck.
12:58 of 1st period - Andrew Agozzino is hit by Mitch Callahan and loses puck.
13:26 of 1st period - Quinton Howden is hit by Buddy Robinson and loses puck.
14:43 of 1st period - Backhand shot by Borna Rendulic.
14:43 of 1st period - Deflect By Dennis Everberg.
14:43 of 1st period - Shot Misses the Net.
14:43 of 1st period - Puck is out of play.
14:44 of 1st period - Austin Watson wins face-off versus Dennis Everberg in Monsters zone.
15:05 of 1st period - Snap shot by Chase Balisy.
15:05 of 1st period - Stopped by Philipp Grubauer with a rebound.
15:47 of 1st period - Icing by Magnus Nygren.
15:48 of 1st period - Dennis Everberg wins face-off versus Jordan Weal in Bruins zone.
15:53 of 1st period - Snap shot by Steven Pinizzotto.
15:53 of 1st period - Shot Blocked by Kevin Czuczman.
17:00 of 1st period - Wrist shot by Steven Pinizzotto.
17:00 of 1st period - Deflect By Jordan Weal.
17:00 of 1st period - Shot Misses the Net.
17:00 of 1st period - Puck is out of play.
17:01 of 1st period - Buddy Robinson wins face-off versus Jordan Weal in Bruins zone.
17:12 of 1st period - Jeff Hoggan is hit by Kevin Czuczman and loses puck.
17:57 of 1st period - Snap shot by Mitch Callahan.
17:57 of 1st period - Shot Blocked by Kevin Czuczman.
17:59 of 1st period - Slapshot by Barclay Goodrow.
17:59 of 1st period - Stopped by Philipp Grubauer with a rebound.
18:25 of 1st period - Snap shot by Kael Mouillierat.
18:25 of 1st period - Shot Blocked by Quinton Howden.
18:27 of 1st period - Slapshot by Cole Schneider.
18:27 of 1st period - Shot Misses the Net.
19:18 of 1st period - Kevin Porter is hit by Steven Pinizzotto and loses puck.
Goals for this period are 0 for Monsters vs 0 for Bruins.
Shots for this period are 5 for Monsters vs 6 for Bruins.

2nd period


0:01 of 2nd period - Marko Dano wins face-off versus Austin Watson in neutral zone.
0:22 of 2nd period - Snap shot by Marko Dano.
0:22 of 2nd period - Shot Misses the Net.
0:24 of 2nd period - Slapshot by Conor Allen.
0:24 of 2nd period - Stopped by Anders Lindback with a rebound.
0:33 of 2nd period - Icing by Barclay Goodrow.
0:34 of 2nd period - Austin Watson wins face-off versus Buddy Robinson in Monsters zone.
1:25 of 2nd period - Raman Hrabarenka is hit by Steven Pinizzotto and loses puck.
1:31 of 2nd period - Dennis Rasmussen and Troy Rutkowski fight to a draw.
1:31 of 2nd period - Penalty to Dennis Rasmussen for Fighting.
1:31 of 2nd period - Penalty to Troy Rutkowski for Fighting.
1:31 of 2nd period - Penalty to Troy Rutkowski for instigated a fight.
1:31 of 2nd period - Penalty to Troy Rutkowski for instigated a fight.
1:32 of 2nd period - Austin Watson wins face-off versus Marko Dano in Bruins zone.
2:20 of 2nd period - Minor Penalty to FARM PLAYER17 for Hooking.
2:21 of 2nd period - Kevin Porter wins face-off versus Austin Watson in Monsters zone.
2:35 of 2nd period - Slapshot by Kael Mouillierat.
2:35 of 2nd period - Goal by Kael Mouillierat - Monsters : 0 - Bruins : 1.
2:36 of 2nd period - Austin Watson wins face-off versus Marko Dano in neutral zone.
2:42 of 2nd period - Snap shot by Marko Dano.
2:42 of 2nd period - Stopped by Anders Lindback with a rebound.
2:44 of 2nd period - Snap shot by Marko Dano.
2:44 of 2nd period - Stopped by Anders Lindback with a rebound.
2:46 of 2nd period - Slapshot by Conor Allen.
2:46 of 2nd period - Stopped by Anders Lindback with a rebound.
2:48 of 2nd period - Snap shot by Dennis Everberg.
2:48 of 2nd period - Stopped by Anders Lindback with a rebound.
3:29 of 2nd period - Kael Mouillierat is hit by Austin Watson and loses puck.
3:38 of 2nd period - Austin Watson is hit by Buddy Robinson and loses puck.
4:06 of 2nd period - Snap shot by Marko Dano.
4:06 of 2nd period - Stopped by Anders Lindback without a rebound.
4:07 of 2nd period - Mitch Callahan wins face-off versus Marko Dano in Monsters zone.
4:20 of 2nd period - Penalty to FARM PLAYER17 is over, FARM PLAYER17 is back on ice.
4:30 of 2nd period - Snap shot by Mitch Callahan.
4:30 of 2nd period - Shot Misses the Net.
6:07 of 2nd period - Snap shot by Cole Schneider.
6:07 of 2nd period - Stopped by Anders Lindback with a rebound.
6:09 of 2nd period - Minor Penalty to Kris Fredheim for Roughing.
6:10 of 2nd period - Kevin Porter wins face-off versus Austin Watson in Monsters zone.
6:11 of 2nd period - Slapshot by Kael Mouillierat.
6:11 of 2nd period - Shot Blocked by Austin Watson.
6:13 of 2nd period - Slapshot by Raman Hrabarenka.
6:13 of 2nd period - Shot Misses the Net.
6:15 of 2nd period - Snap shot by Kevin Porter.
6:15 of 2nd period - Shot Misses the Net.
6:17 of 2nd period - Wrist shot by Raman Hrabarenka.
6:17 of 2nd period - Shot Blocked by Barclay Goodrow.
6:19 of 2nd period - Snap shot by Conor Allen.
6:19 of 2nd period - Shot Misses the Net.
6:21 of 2nd period - Snap shot by Kael Mouillierat.
6:21 of 2nd period - Stopped by Anders Lindback with a rebound.
6:23 of 2nd period - Snap shot by Buddy Robinson.
6:23 of 2nd period - Deflect By Kael Mouillierat.
6:23 of 2nd period - Shot Misses the Net.
6:23 of 2nd period - Puck is out of play.
6:24 of 2nd period - Kael Mouillierat wins face-off versus Austin Watson in Monsters zone.
6:31 of 2nd period - Penalty to Troy Rutkowski is over, Quinton Howden is send on ice.
6:45 of 2nd period - Dennis Everberg is hit by Barclay Goodrow and loses puck.
7:14 of 2nd period - Wrist shot by Kael Mouillierat.
7:14 of 2nd period - Stopped by Anders Lindback with a rebound.
8:06 of 2nd period - Matt MacKenzie is hit by Buddy Robinson and loses puck.
8:09 of 2nd period - Penalty to Kris Fredheim is over, Kris Fredheim is back on ice.
9:04 of 2nd period - Wrist shot by Borna Rendulic.
9:04 of 2nd period - Stopped by Anders Lindback with a rebound.
9:54 of 2nd period - FARM PLAYER17 is hit by Buddy Robinson and loses puck.
10:11 of 2nd period - Snap shot by Marko Dano.
10:11 of 2nd period - Shot Misses the Net.
10:13 of 2nd period - Slapshot by Magnus Nygren.
10:13 of 2nd period - Stopped by Anders Lindback without a rebound.
10:14 of 2nd period - Jordan Weal wins face-off versus Marko Dano in Monsters zone.
10:39 of 2nd period - Jordan Oesterle is hit by Jeff Hoggan and loses puck.
10:50 of 2nd period - Wrist shot by Andrew Agozzino.
10:50 of 2nd period - Shot Misses the Net.
10:52 of 2nd period - Slapshot by Raman Hrabarenka.
10:52 of 2nd period - Shot Misses the Net.
11:34 of 2nd period - Snap shot by Quinton Howden.
11:34 of 2nd period - Shot Blocked by Kevin Czuczman.
11:46 of 2nd period - Off-side.
11:47 of 2nd period - Austin Watson wins face-off versus Andrew Agozzino in neutral zone.
11:54 of 2nd period - Wrist shot by Barclay Goodrow.
11:54 of 2nd period - Shot Blocked by Raman Hrabarenka.
11:58 of 2nd period - Wrist shot by Mitch Callahan.
11:58 of 2nd period - Shot Misses the Net.
12:00 of 2nd period - Slapshot by Kris Fredheim.
12:00 of 2nd period - Stopped by Philipp Grubauer with a rebound.
12:02 of 2nd period - Snap shot by Austin Watson.
12:02 of 2nd period - Stopped by Philipp Grubauer with a rebound.
12:32 of 2nd period - Magnus Nygren is hit by Kris Fredheim and loses puck.
12:47 of 2nd period - Wrist shot by Austin Watson.
12:47 of 2nd period - Stopped by Philipp Grubauer with a rebound.
13:09 of 2nd period - Johan Alm is hit by Mac Bennett.
13:33 of 2nd period - Wrist shot by Cole Schneider.
13:33 of 2nd period - Shot Misses the Net.
13:35 of 2nd period - Slapshot by Johan Alm.
13:35 of 2nd period - Stopped by Anders Lindback without a rebound.
13:36 of 2nd period - Buddy Robinson wins face-off versus Scott Timmins in Monsters zone.
13:49 of 2nd period - Snap shot by Viktor Arvidsson.
13:49 of 2nd period - Stopped by Philipp Grubauer with a rebound.
15:26 of 2nd period - Backhand shot by Kevin Porter.
15:26 of 2nd period - Shot Hit the Post.
15:28 of 2nd period - Slapshot by Kevin Czuczman.
15:28 of 2nd period - Shot Misses the Net.
15:30 of 2nd period - Slapshot by Kevin Czuczman.
15:30 of 2nd period - Stopped by Anders Lindback without a rebound.
15:31 of 2nd period - Andrew Cherniwchan wins face-off versus Jordan Weal in Monsters zone.
15:44 of 2nd period - Snap shot by Dennis Everberg.
15:44 of 2nd period - Shot Misses the Net.
16:10 of 2nd period - Snap shot by Marc Hagel.
16:10 of 2nd period - Shot Misses the Net.
16:12 of 2nd period - Slapshot by Johan Alm.
16:12 of 2nd period - Shot Blocked by FARM PLAYER13.
16:14 of 2nd period - Wrist shot by Andrew Agozzino.
16:14 of 2nd period - Stopped by Anders Lindback with a rebound.
16:16 of 2nd period - Slapshot by Conor Allen.
16:16 of 2nd period - Shot Blocked by Matt MacKenzie.
16:31 of 2nd period - 10 Minutes Misconduct Penalty to Troy Rutkowski is over.
16:34 of 2nd period - Mac Bennett is hit by Raman Hrabarenka and loses puck.
17:37 of 2nd period - Snap shot by Scott Timmins.
17:37 of 2nd period - Stopped by Philipp Grubauer without a rebound.
17:38 of 2nd period - Scott Timmins wins face-off versus Buddy Robinson in Bruins zone.
18:40 of 2nd period - Johan Alm is hit by Troy Rutkowski and loses puck.
19:27 of 2nd period - Snap shot by Dennis Everberg.
19:27 of 2nd period - Stopped by Anders Lindback without a rebound.
19:28 of 2nd period - Scott Timmins wins face-off versus Dennis Everberg in Monsters zone.
Goals for this period are 0 for Monsters vs 1 for Bruins.
Shots for this period are 5 for Monsters vs 16 for Bruins.

3rd period


0:01 of 3rd period - Austin Watson wins face-off versus Dennis Everberg in neutral zone.
0:25 of 3rd period - Raman Hrabarenka and Austin Watson fight to a draw.
0:25 of 3rd period - Penalty to Raman Hrabarenka for Fighting.
0:25 of 3rd period - Penalty to Austin Watson for Fighting.
0:26 of 3rd period - Charles Hudon wins face-off versus Marko Dano in Monsters zone.
0:31 of 3rd period - Kevin Porter is hit by Charles Hudon and loses puck.
0:49 of 3rd period - Off-side.
0:50 of 3rd period - Buddy Robinson wins face-off versus Jordan Weal in neutral zone.
1:45 of 3rd period - Backhand shot by Barclay Goodrow.
1:45 of 3rd period - Shot Blocked by Dennis Everberg.
1:47 of 3rd period - Snap shot by Mitch Callahan.
1:47 of 3rd period - Shot Misses the Net.
1:49 of 3rd period - Slapshot by Barclay Goodrow.
1:49 of 3rd period - Stopped by Philipp Grubauer with a rebound.
1:51 of 3rd period - Snap shot by Mitch Callahan.
1:51 of 3rd period - Shot Blocked by Dennis Everberg.
1:53 of 3rd period - Snap shot by Barclay Goodrow.
1:53 of 3rd period - Shot Blocked by Kevin Porter.
2:30 of 3rd period - Andrew Agozzino is hit by Chase Balisy and loses puck.
2:37 of 3rd period - Slapshot by Chase Balisy.
2:37 of 3rd period - Stopped by Philipp Grubauer with a rebound.
2:39 of 3rd period - Slapshot by Troy Rutkowski.
2:39 of 3rd period - Stopped by Philipp Grubauer without a rebound.
2:40 of 3rd period - Chase Balisy wins face-off versus Andrew Agozzino in Bruins zone.
2:43 of 3rd period - Snap shot by Chase Balisy.
2:43 of 3rd period - Stopped by Philipp Grubauer without a rebound.
2:44 of 3rd period - Andrew Agozzino wins face-off versus Chase Balisy in Bruins zone.
2:49 of 3rd period - Wrist shot by Scott Timmins.
2:49 of 3rd period - Stopped by Philipp Grubauer without a rebound.
2:50 of 3rd period - Scott Timmins wins face-off versus Kael Mouillierat in Bruins zone.
3:23 of 3rd period - Slapshot by Viktor Arvidsson.
3:23 of 3rd period - Stopped by Philipp Grubauer with a rebound.
3:48 of 3rd period - Dennis Rasmussen is hit by Mitch Callahan and loses puck.
4:36 of 3rd period - Icing by Kevin Porter.
4:37 of 3rd period - Chase Balisy wins face-off versus Marko Dano in Bruins zone.
5:03 of 3rd period - Mac Bennett is hit by Kevin Czuczman and loses puck.
5:34 of 3rd period - Snap shot by Steven Pinizzotto.
5:34 of 3rd period - Deflect By Jeff Hoggan.
5:34 of 3rd period - Stopped by Philipp Grubauer without a rebound.
5:35 of 3rd period - Mitch Callahan wins face-off versus Andrew Agozzino in Bruins zone.
5:46 of 3rd period - Slapshot by Raman Hrabarenka.
5:46 of 3rd period - Shot Misses the Net.
5:48 of 3rd period - Snap shot by Conor Allen.
5:48 of 3rd period - Stopped by Anders Lindback without a rebound.
5:49 of 3rd period - Andrew Agozzino wins face-off versus Austin Watson in Monsters zone.
5:50 of 3rd period - Slapshot by Raman Hrabarenka.
5:50 of 3rd period - Stopped by Anders Lindback without a rebound.
5:51 of 3rd period - Austin Watson wins face-off versus Marc Hagel in Monsters zone.
6:14 of 3rd period - Wrist shot by Andrew Agozzino.
6:14 of 3rd period - Shot Misses the Net.
6:16 of 3rd period - Snap shot by Dennis Rasmussen.
6:16 of 3rd period - Shot Misses the Net.
6:18 of 3rd period - Slapshot by Conor Allen.
6:18 of 3rd period - Stopped by Anders Lindback without a rebound.
6:19 of 3rd period - Marko Dano wins face-off versus Jordan Weal in Monsters zone.
6:31 of 3rd period - Jordan Oesterle is hit by Steven Pinizzotto.
6:47 of 3rd period - Wrist shot by Steven Pinizzotto.
6:47 of 3rd period - Shot Misses the Net.
6:49 of 3rd period - Snap shot by Jeff Hoggan.
6:49 of 3rd period - Deflect By Steven Pinizzotto.
6:49 of 3rd period - Shot Misses the Net.
6:49 of 3rd period - Puck is out of play.
6:50 of 3rd period - Scott Timmins wins face-off versus Buddy Robinson in Bruins zone.
6:55 of 3rd period - Slapshot by Quinton Howden.
6:55 of 3rd period - Shot Misses the Net.
7:11 of 3rd period - Wrist shot by Viktor Arvidsson.
7:11 of 3rd period - Stopped by Philipp Grubauer with a rebound.
7:13 of 3rd period - Snap shot by Scott Timmins.
7:13 of 3rd period - Shot Misses the Net.
7:40 of 3rd period - Raman Hrabarenka is hit by Austin Watson and loses puck.
8:05 of 3rd period - Snap shot by Marko Dano.
8:05 of 3rd period - Stopped by Anders Lindback with a rebound.
8:07 of 3rd period - Slapshot by Magnus Nygren.
8:07 of 3rd period - Shot Misses the Net.
8:15 of 3rd period - Snap shot by Kevin Porter.
8:15 of 3rd period - Deflect By Austin Watson.
8:15 of 3rd period - Stopped by Anders Lindback with a rebound.
9:06 of 3rd period - Minor Penalty to Troy Rutkowski for Holding.
9:07 of 3rd period - Austin Watson wins face-off versus Marko Dano in Monsters zone.
9:44 of 3rd period - Barclay Goodrow is hit by Kael Mouillierat and loses puck.
10:54 of 3rd period - Matt MacKenzie is hit by Kevin Porter and loses puck.
11:01 of 3rd period - Wrist shot by Kael Mouillierat.
11:01 of 3rd period - Shot Blocked by Matt MacKenzie.
11:03 of 3rd period - Snap shot by Buddy Robinson.
11:03 of 3rd period - Stopped by Anders Lindback with a rebound.
11:05 of 3rd period - Slapshot by Magnus Nygren.
11:05 of 3rd period - Stopped by Anders Lindback with a rebound.
11:06 of 3rd period - Penalty to Troy Rutkowski is over, Troy Rutkowski is back on ice.
11:07 of 3rd period - Snap shot by Buddy Robinson.
11:07 of 3rd period - Shot Hit the Post.
11:42 of 3rd period - Slapshot by Andrew Agozzino.
11:42 of 3rd period - Shot Blocked by Matt MacKenzie.
11:44 of 3rd period - Slapshot by Kevin Czuczman.
11:44 of 3rd period - Shot Misses the Net.
11:46 of 3rd period - Slapshot by Johan Alm.
11:46 of 3rd period - Deflect By Quinton Howden.
11:46 of 3rd period - Stopped by Anders Lindback with a rebound.
11:48 of 3rd period - Snap shot by Dennis Rasmussen.
11:48 of 3rd period - Shot Blocked by Matt MacKenzie.
12:12 of 3rd period - Jeff Hoggan is hit by Johan Alm and loses puck.
13:29 of 3rd period - Snap shot by Dennis Everberg.
13:29 of 3rd period - Shot Misses the Net.
13:58 of 3rd period - Icing by Austin Watson.
13:59 of 3rd period - Austin Watson wins face-off versus Andrew Agozzino in Monsters zone.
14:06 of 3rd period - Andrew Agozzino is hit by Austin Watson and loses puck.
15:36 of 3rd period - Wrist shot by Scott Timmins.
15:36 of 3rd period - Stopped by Philipp Grubauer with a rebound.
15:38 of 3rd period - Snap shot by Troy Rutkowski.
15:38 of 3rd period - Shot Misses the Net.
16:02 of 3rd period - Wrist shot by Kael Mouillierat.
16:02 of 3rd period - Shot Misses the Net.
16:04 of 3rd period - Wrist shot by Buddy Robinson.
16:04 of 3rd period - Shot Blocked by Blair Riley.
16:12 of 3rd period - Minor Penalty to Blair Riley for Hooking.
16:13 of 3rd period - Kevin Porter wins face-off versus Austin Watson in Monsters zone.
16:14 of 3rd period - Snap shot by Kael Mouillierat.
16:14 of 3rd period - Shot Misses the Net.
16:16 of 3rd period - Snap shot by Kael Mouillierat.
16:16 of 3rd period - Shot Misses the Net.
16:18 of 3rd period - Snap shot by Kael Mouillierat.
16:18 of 3rd period - Goal by Kael Mouillierat - Monsters : 0 - Bruins : 2.
16:19 of 3rd period - Andrew Agozzino wins face-off versus Jordan Weal in neutral zone.
16:22 of 3rd period - Slapshot by Magnus Nygren.
16:22 of 3rd period - Stopped by Anders Lindback without a rebound.
16:23 of 3rd period - Jordan Weal wins face-off versus Andrew Agozzino in Monsters zone.
17:11 of 3rd period - Wrist shot by Kael Mouillierat.
17:11 of 3rd period - Shot Blocked by Scott Timmins.
17:13 of 3rd period - Snap shot by Cole Schneider.
17:13 of 3rd period - Stopped by Anders Lindback with a rebound.
17:15 of 3rd period - Slapshot by Johan Alm.
17:15 of 3rd period - Shot Misses the Net.
17:17 of 3rd period - Snap shot by Cole Schneider.
17:17 of 3rd period - Goal by Cole Schneider - Monsters : 0 - Bruins : 3.
17:18 of 3rd period - Marko Dano wins face-off versus Scott Timmins in neutral zone.
18:16 of 3rd period - Slapshot by Mitch Callahan.
18:16 of 3rd period - Shot Misses the Net.
18:25 of 3rd period - Minor Penalty to FARM PLAYER13 for Holding.
18:26 of 3rd period - Austin Watson wins face-off versus Marko Dano in Monsters zone.
18:36 of 3rd period - Snap shot by Cole Schneider.
18:36 of 3rd period - Deflect By Dennis Everberg.
18:36 of 3rd period - Shot Misses the Net.
18:36 of 3rd period - Puck is out of play.
18:37 of 3rd period - Austin Watson wins face-off versus Cole Schneider in Monsters zone.
19:26 of 3rd period - Barclay Goodrow is hit by Jordan Oesterle and loses puck.
Goals for this period are 0 for Monsters vs 2 for Bruins.
Shots for this period are 9 for Monsters vs 12 for Bruins.